 Dungeon Crawl Stone Soup version 0.25-a0-265-g7af84ae0ac (webtiles) character file.

Game seed: 7646867052954051008, levelgen mode: deterministic

49 MoonlitKnight the Sneak (level 3, -6/18 HPs)
             Began as a Spriggan Assassin on Dec 8, 2019.
             Shot with an arrow by a centaur (9 damage)
             ... on level 3 of the Dungeon.
             The game lasted 00:03:29 (2098 turns).

MoonlitKnight the Sneak (Spriggan Assassin)         Turns: 2098, Time: 00:03:29

Health: -6/18      AC:  3    Str:  7    XL:     3   Next: 53%
Magic:  4/4        EV: 18    Int: 12    God:
Gold:   123        SH:  0    Dex: 18    Spells: 2/2 levels left

rFire    . . .     SeeInvis +   a - +2 dagger
rCold    . . .     Gourm    .   (shield restricted)
rNeg     . . .     Faith    .   b - +0 robe
rPois    .         Spirit   .   (helmet restricted)
rElec    .         Reflect  .   c - +0 cloak
rCorr    .         Harm     .   (gloves unavailable)
MR       .....                  (boots unavailable)
Stlth    ++++......             (no amulet)
HPRegen  0.06/turn              (no ring)
MPRegen  0.09/turn              (no ring)

@: very quick
A: very small, unfitting armour, see invisible, herbivore, speed 3, slow
metabolism 2
a: no special abilities


You were on level 3 of the Dungeon.
You were not hungry.

You visited 1 branch of the dungeon, and saw 3 of its levels.

You collected 123 gold pieces.

Inventory:

Hand Weapons
 a - a +2 dagger (weapon)
Missiles
 d - 7 poisoned darts (quivered)
 e - 2 curare-tipped darts
Armour
 b - a +0 robe (worn)
 c - a +0 cloak (worn)
Jewellery
 m - a +5 ring of dexterity {unknown}
Scrolls
 j - a scroll of identify {unknown}
 k - 3 scrolls of fear {unknown}
 n - a scroll of noise {unknown}
 o - a scroll of amnesia {unknown}
 p - a scroll of teleportation {unknown}
 q - 2 scrolls of enchant weapon {unknown}
 r - a scroll of random uselessness {unknown}
 t - a scroll of enchant armour {unknown}
Potions
 g - a potion of might {unknown}
 h - a potion of curing {unknown}
 i - a potion of invisibility {unknown}
 l - a potion of flight {unknown}
 s - a potion of berserk rage {unknown}
 u - a potion of magic {unknown}
Comestibles
 f - 3 rations


   Skills:
 - Level 1.5 Fighting
 * Level 3.5 Short Blades
 - Level 2.0 Throwing
 + Level 2.8 Dodging
 + Level 6.4 Stealth


You had 2 spell levels left.
You didn't know any spells.
Your spell library was empty.

Dungeon Overview and Level Annotations

Branches:
Dungeon (3/15)

Altars:


Innate Abilities, Weirdness & Mutations

You are very small and have problems with some larger weapons.
You are too small for most types of armour.
You have supernaturally acute eyesight. (SInv)
You are a herbivore.
You cover ground extremely quickly.
You need to consume almost no food.


Message History

Found a ring mail.
Found a stone staircase leading down.
There is a stone staircase leading up here.
You climb upwards.
There is a stone staircase leading down here.
You see here a scale mail.
You see here a club.
There is a stone staircase leading down here.
You climb downwards.
A centaur comes into view.
Found a faded altar of an unknown god.
There is a stone staircase leading up here.
The centaur shouts!
The centaur wields a +0 shortbow.
The centaur shoots an arrow.
The arrow hits you!
Ouch! That really hurt!
* * * LOW HITPOINT WARNING * * *
You see here an arrow.
The centaur shoots an arrow.
The arrow hits you!
Ouch! That really hurt!
You die...

#..8.8..#..
.........
#.8._.8...
........o
.##..8.8...#
.....w...
......8....
........[
.........##
g...r....
#........#
.......<.
##...##.<.#
.........
#......(###
....#....
..##..@##
### #####
..c....##
#.###.. #..
#.# #. .. ..


You could see a centaur.

Vanquished Creatures
  2 adders (D:2)
  An ooze (D:2)
  A worm (D:2)
  A dart slug (D:2)
  A bat (D:1)
  5 hobgoblins (D:1)
  4 kobolds
  2 frilled lizards (D:1)
  2 goblins
  5 rats
24 creatures vanquished.

Notes
Turn   | Place    | Note
-------+----------+-------------------------------------------
     0 | D:1      | MoonlitKnight the Spriggan Assassin began the quest for the
                  | Orb.
     0 | D:1      | Reached XP level 1. HP: 10/10 MP: 2/2
   259 | D:1      | Reached skill level 6 in Stealth
   322 | D:1      | Reached XP level 2. HP: 12/14 MP: 3/3
  1260 | D:2      | Reached XP level 3. HP: 3/18 MP: 4/4
  2096 | D:3      | Found a faded altar of an unknown god.
  2096 | D:3      | Noticed a centaur
  2098 | D:3      | Shot with an arrow by a centaur

Levels and vault maps discovered:
D:1:      saegor_arrival_simple_c, layout_basic, hex_intersection
D:2:      layout_loops_ring, minmay_hexomino_p4
D:3:      layout_rooms, eat_drink_and_be_merry_uskayaw,
          chequers_ecumenical_altar_simple_redux, minivault_23,
          kennysheep_donut, fedhas_altar_3, uniq_grinder

Skill      XL: |  1  2 |
---------------+-------+-----
Stealth        | 6 |  6.4
Dodging        | 2 |  2.8
Short Blades   | 3 |  3.5
Fighting       | |  1.5
Throwing       | |  2.0

Action                   || total
-------------------------++-------
Melee: Dagger            ||    64
Throw: Dart              ||    14
 Stab: Sleeping          ||     6
Armor: Robe              ||     1
Dodge: Dodged            ||    42

Table legend:
 A = Non-vault XP
 B = Vault XP
 C = Vault XP percentage of total XP
 D = Non-vault monster count
 E = Vault monster count
 F = Vault count percentage of total count
                 A         B        C        D         E       F
            +---------+---------+-------+---------+---------+-------
      Total |      62 |       9 |  12.7 |      20 |       4 |  16.7
            +---------+---------+-------+---------+---------+-------
        D:1 |      23 |       0 |   0.0 |      15 |       0 |   0.0
        D:2 |      39 |       9 |  18.8 |       5 |       4 |  44.4
            +---------+---------+-------+---------+---------+-------
